 Dungeon Crawl Stone Soup version 0.27-a0-1200-g94dc6ad (webtiles) character file.

Game seed: 3067976194065548472

578436 Meow the Metallomancer (level 27, -7/248 HPs)
             Began as a Naga Venom Mage on May 30, 2021.
             Was an Initiate of Gozag.
             Killed from afar by an orb of fire (92 damage)
             ... with a fireball
             ... on level 1 of the Realm of Zot on May 31, 2021.
             The game lasted 05:34:47 (83225 turns).

Meow the Metallomancer (Naga Venom Mage)           Turns: 83225, Time: 05:34:48

Health: -7/248     AC: 31    Str: 11    XL:     27
Magic:  29/49      EV: 10    Int: 29    God:    Gozag
Gold:   2932       SH: 17    Dex: 12    Spells: 25/71 levels left

rFire    . . .     SeeInvis +   a - +8 broad axe (flame)
rCold    + + +     Faith    .   X - +2 kite shield {AC+3}
rNeg     + + +     Spirit   .   Q - +1 leather armour "Mixkamom" {+Blink rElec rC+ Str-3}
rPois    +         Reflect  +   G - +0 helmet of the Good {rC++ Int+3}
rElec    +         Harm     .   f - +0 cloak of Hysteria {rN+++ Regen+}
rCorr    .         Rampage  .   q - +2 pair of gloves {Str+3}
Will     ++++.                  t - +4 barding "Xav Seo" {rN+ Will+}
Stlth    +++++.....             s - amulet of reflection
HPRegen  1.51/turn              I - +4 ring of protection
MPRegen  0.31/turn              U - ring of positive energy

@: gold aura, very slightly contaminated, studying Translocations, very slow
A: AC +9, large, see invisible, deformed body, poison resistance, slowness 2,
spit poison 1, naga tail 2, clumsy 1
}: 3/15 runes: serpentine, barnacled, silver
a: Spit Poison, Renounce Religion, Evoke Blink, Potion Petition, Call Merchant,
Bribe Branch


You were on level 1 of the Realm of Zot.
You worshipped Gozag.
Gozag was most pleased with you.
You visited 12 branches of the dungeon, and saw 50 of its levels.
You also visited: Trove, Ice Cave, Volcano and Wizlab.

You collected 27162 gold pieces.
You spent 3218 gold pieces at shops.
You paid 21012 gold pieces to Gozag.

Inventory:

Hand Weapons
 a - a +8 broad axe of flaming (weapon)
Missiles
 c - 5 curare-tipped darts
 d - 1374 stones (quivered)
 M - 18 atropa-tipped darts
 T - 7 throwing nets
Armour
 f - the +0 cloak of Hysteria (worn) {rN+++ Regen+}
   (You found it in a wizard's laboratory)

   It renders you almost immune to negative energy.
   It increases your rate of health regeneration.
 q - a +2 pair of gloves of strength (worn)
 t - the +4 barding "Xav Seo" (worn) {rN+ Will+}
   (You acquired it on level 2 of the Crypt)

   It protects you from negative energy.
   It increases your willpower.
 G - the +0 helmet of the Good (worn) {rC++ Int+3}
   (You found it on level 3 of the Crypt)

   It affects your intelligence (+3).
   It greatly protects you from cold.
 K - the +1 helmet "Ediucw" {Rampage Regen+}
   (You bought it in a shop on level 1 of the Lair of Beasts)

   It increases your rate of health regeneration.
   It bestows one free step when moving towards enemies.
 Q - the +1 leather armour "Mixkamom" (worn) {+Blink rElec rC+ Str-3}
   (You bought it in a shop on level 1 of the Lair of Beasts)

   It affects your strength (-3).
   It protects you from cold.
   It insulates you from electricity.
   It lets you blink.
 V - the +3 hat of Daffodils {rN+ Dex+4}
   (You found it on level 3 of the Crypt)

   It affects your dexterity (+4).
   It protects you from negative energy.
 X - a +2 kite shield of protection (worn)
 Z - a +2 robe of fire resistance
Jewellery
 s - an amulet of reflection (around neck)
 C - the ring "Bolan" {rElec rPois Str+4 Int+4 SInv}
   (You took it off a death knight on level 3 of the Crypt)

   [ring of see invisible]

   It affects your strength (+4).
   It affects your intelligence (+4).
   It insulates you from electricity.
   It protects you from poison.
   It lets you see invisible.
 I - a +4 ring of protection (left hand)
 L - a ring of protection from fire
 R - a ring of willpower
 S - a ring of flight
 U - a ring of positive energy (right hand)
Wands
 A - a wand of digging (7)
 J - a wand of acid (36)
 O - a wand of iceblast (38)
Scrolls
 i - 7 scrolls of teleportation
 k - 23 scrolls of identify
 l - 2 scrolls of summoning
 m - 4 scrolls of magic mapping
 o - 14 scrolls of amnesia
 v - 4 scrolls of holy word
 x - 10 scrolls of fear
 y - a scroll of blinking
 D - 2 scrolls of enchant armour
 N - 4 scrolls of brand weapon
 Y - 14 scrolls of fog
Potions
 b - 7 potions of brilliance
 e - 6 potions of flight
 g - 6 potions of might
 h - 4 potions of magic
 j - 6 potions of attraction
 n - 13 potions of curing
 p - 10 potions of lignification
 r - 8 potions of mutation
 u - 4 potions of ambrosia
 w - 4 potions of berserk rage
 z - 12 potions of heal wounds
 B - 4 potions of resistance
 F - a potion of cancellation
 H - 6 potions of haste
Miscellaneous
 E - a lightning rod (4/4)
 P - a condenser vane
 W - a phantom mirror


   Skills:
 - Level 15.0 Fighting
 - Level 18.0 Axes
 - Level 8.0 Dodging
 - Level 12.0 Stealth
 - Level 9.0 Shields
 + Level 22.8 Spellcasting
 - Level 12.0 Conjurations
 - Level 1.0 Transmutations
 - Level 8.0 Ice Magic
 + Level 23.2 Earth Magic
 - Level 4.0 Poison Magic


You had 25 spell levels left.
You knew the following spells:

 Your Spells              Type           Power      Damage    Failure   Level
a - Sting                 Tmut/Pois      100%       1d8       1%          1
b - Shatter               Erth           53%        3d40*     10%         9
c - Mephitic Cloud        Conj/Pois/Air  59%        N/A       1%          3
e - Ozocubu's Armour      Ice            68%        N/A       1%          3
f - Frozen Ramparts       Ice            100%       1d12      1%          3
g - Orb of Destruction    Conj           40%        9d14      9%          7
C - Ignite Poison         Fire/Tmut/Pois 42%        N/A       1%          3
G - Iron Shot             Conj/Erth      47%        9d9       1%          6
R - Irradiate             Conj/Tmut      31%        3d24      2%          5
T - Statue Form           Tmut/Erth      53%        N/A       1%          6

Your spell library contained the following spells:

 Spells                   Type           Power      Damage    Failure   Level
 Magic Dart               Conj           100%       1d8       0%          1
 Sandblast                Erth           100%       2d20      0%          1
 Passwall                 Tmut/Erth      66%        N/A       0%          2
 Searing Ray              Conj           100%       3d7       0%          2
 Stone Arrow              Conj/Erth      100%       3d13      0%          3
 Lee's Rapid Deconstruct  Erth           53%        3d26*     0%          5
 Animate Skeleton         Necr           66%        N/A       1%          1
 Apportation              Tloc           66%        N/A       1%          1
 Beastly Appendage        Tmut           78%        N/A       1%          1
 Corona                   Hex            36%        N/A       1%          1
 Freeze                   Ice            100%       1d11      1%          1
 Pain                     Necr           100%       1d9       1%          1
 Shock                    Conj/Air       100%       1d9       1%          1
 Blink                    Tloc           N/A        N/A       1%          2
 Call Imp                 Summ           33%        N/A       1%          2
 Ensorcelled Hibernation  Hex/Ice        100%       N/A       1%          2
 Poisonous Vapours        Pois/Air       88%        N/A       1%          2
 Slow                     Hex            33%        N/A       1%          2
 Static Discharge         Conj/Air       61%        N/A       1%          2
 Sublimation of Blood     Necr           16%        N/A       1%          2
 Wereblood                Tmut           39%        N/A       1%          2
 Conjure Flame            Conj/Fire      61%        6-21      1%          3
 Dazzling Flash           Conj/Hex       100%       N/A       1%          3
 Spider Form              Tmut/Pois      23%        N/A       1%          3
 Animate Armour           Summ/Erth      100%       N/A       1%          4
 Fulminant Prism          Conj/Hex       30%        3d16      1%          4
 Hailstorm                Conj/Ice       74%        3d15      1%          4
 Ice Form                 Ice/Tmut       56%        N/A       1%          4
 Iskenderun's Mystic Bla  Conj/Tloc      61%        2d13      1%          4
 Leda's Liquefaction      Hex/Erth       39%        N/A       1%          4
 Petrify                  Tmut/Erth      80%        N/A       1%          4
 Bolt of Magma            Conj/Fire/Erth 39%        4d17      1%          5
 Borgnjor's Vile Clutch   Necr/Erth      39%        N/A       1%          5
 Iskenderun's Battlesphe  Conj           80%        2d13      1%          5
 Olgreb's Toxic Radiance  Pois           54%        N/A       2%          4
 Summon Ice Beast         Ice/Summ       54%        N/A       2%          4
 Lightning Bolt           Conj/Air       30%        1d47      3%          5
 Confusing Touch          Hex            33%        N/A       4%          3
 Gell's Gravitas          Tloc           16%        N/A       4%          3
 Lesser Beckoning         Tloc           16%        N/A       4%          3
 Portal Projectile        Hex/Tloc       66%        N/A       4%          3
 Swiftness                Air            33%        N/A       4%          3
 Tukima's Dance           Hex            33%        N/A       4%          3
 Vampiric Draining        Necr           16%        2d8       4%          3
 Metabolic Englaciation   Hex/Ice        27%        N/A       7%          5
 Airstrike                Air            16%        N/A       13%         4
 Animate Dead             Necr           16%        N/A       13%         4
 Cause Fear               Hex            16%        N/A       13%         4
 Passage of Golubria      Tloc           N/A        N/A       13%         4
 Alistair's Intoxication  Tmut/Pois      31%        N/A       13%         5
 Freezing Cloud           Conj/Ice/Air   32%        6-21      13%         6
 Hydra Form               Tmut           19%        N/A       24%         5
 Yara's Violent Unravell  Hex/Tmut       18%        3d9       30%         5
 Agony                    Necr           33%        N/A       36%         5
 Silence                  Hex/Air        16%        N/A       36%         5
 Summon Forest            Summ/Tloc      16%        N/A       36%         5
 Simulacrum               Ice/Necr       27%        N/A       36%         6
 Ozocubu's Refrigeration  Ice            34%        4d11      38%         7
 Eringya's Noxious Bog    Tmut/Pois      23%        N/A       58%         6
 Spellforged Servitor     Conj/Summ      30%        N/A       67%         7
 Blade Hands              Tmut           19%        N/A       80%         6
 Death Channel            Necr           16%        N/A       90%         6
 Invisibility             Hex            33%        N/A       90%         6
 Malign Gateway           Summ/Tloc      16%        N/A       100%        7
 Discord                  Hex            16%        N/A       100%        8
 Ignition                 Fire           16%        3d7       100%        8


Dungeon Overview and Level Annotations

Branches:
Dungeon (15/15)            Temple (1/1) D:6            Lair (6/6) D:9
 Shoals (4/4) Lair:2        Snake (4/4) Lair:4        Slime (0/5) Lair:5
    Orc (2/2) D:9             Elf (3/3) Orc:2        Vaults (5/5) D:13
  Crypt (3/3) Vaults:2       Tomb (0/3) Crypt:3      Depths (5/5) D:15
   Hell (visited)             Dis (0/7) Hell            Geh (0/7) Hell
    Coc (0/7) Hell            Tar (0/7) Hell            Zot (1/5) Depths:5
  IceCv (visited)         Volcano (visited)          WizLab (visited)

Altars:
Ashenzari
Cheibriados
Dithmenos
Elyvilon
Fedhas
Gozag
Hepliaklqana
Kikubaaqudgha
Makhleb
Nemelex Xobeh
Okawaru
Qazlal
Ru
Sif Muna
Trog
Uskayaw
Vehumet
Wu Jian
Xom
Yredelemnul
Zin
The Shining One
Beogh
Lugonu

Shops:
D:6 (   Orc:2 =([   Elf:2 (   Elf:3 =   Lair:1 (=[[([=[([[[[   Shoals:2 *
Snake:2 ::**   Snake:3 ?   Vaults:3 !   Vaults:4 *

Portals:
Hell: Depths:1 Depths:2 Depths:3 Depths:4 Depths:5
Abyss: Depths:2 Depths:4
Ziggurat: Depths:2

Annotations:
D:9 2 transporters
Lair:4 exclusion: 4 oklob plants
Shoals:4 3 runed translucent doors, alcopop's ghost, adept DjWz


Innate Abilities, Weirdness & Mutations

Your serpentine skin is tough. (AC +9)
You have supernaturally acute eyesight. (SInv)
Armour fits poorly on your strangely shaped body.
Your system is resistant to poisons. (rPois)
You cover ground very slowly.
You can spit poison.
You can use your snake-like lower body to constrict enemies.
You are clumsy. (Dex -2)


Message History

An orb of fire is nearby!
The orb of fire glows yellow.
The bolt of fire misses you.
The orb of fire glows deep purple.
The bolt of fire misses you.
Unknown command.
Casting: Statue Form (mildly dangerous; 1% risk of failure)
Confirm with . or Enter, or press ? or * to list all spells.
Aiming: Orb of Destruction (dangerous; 9% risk of failure)
Press: ? - help, Shift-Dir - straight line, f - orb of fire
Aim: an orb of fire The orb of fire glows bright magenta.
The bolt of fire hits you!!!
Unknown command.
The orb of destruction hits the orb of fire!!!
The orb of fire is heavily damaged.
The orb of fire glows red.
The bolt of fire hits you!!!
The orb of fire glows red.
The bolt of fire hits you!!!
Casting: Orb of Destruction (dangerous; 9% risk of failure)
Confirm with . or Enter, or press ? or * to list all spells.
Aiming: Orb of Destruction (dangerous; 9% risk of failure)
Press: ? - help, Shift-Dir - straight line, f/p - orb of fire
Aim: an orb of fire (heavily damaged)
The orb of destruction hits the orb of fire!!!
The orb of fire is severely damaged.
Unknown command.
Casting: Orb of Destruction (dangerous; 9% risk of failure)
Confirm with . or Enter, or press ? or * to list all spells.
Aiming: Orb of Destruction (dangerous; 9% risk of failure)
Press: ? - help, Shift-Dir - straight line, f/p - orb of fire
Aim: an orb of fire (severely damaged)
You miscast Orb of Destruction.
You are very lightly contaminated with residual magic.
Nothing appears to happen.
The orb of fire emits a lurid red light.
The fireball explodes!
The fireball engulfs you!!!!
You die...
Your body crumbles into a pile of gold.

##........## #
#........## #.
###.........## .##.#
##............##
.....####.⌠............##
......#...###......###...
......*...# ###..### #...
......°...# #### #...
#......○@.# #...
..........# #...
.....#....# #...
...####.......... .....
.. #.......[## ...... .
#.......... ......
..####..⌠.. #.## ...## .#
...#


You could see an orb of fire.

Vanquished Creatures
  A dread lich (Vaults:4)
  Khufu (Crypt:3)
  2 ancient liches (Vaults:4)
  A juggernaut (Depths:4)
  A royal mummy (Crypt:3)
  Geryon (Hell)
  A caustic shrike (Depths:4)
  Jory (Depths:5)
  A profane servitor (Crypt:3)
  5 golden dragons
  3 bone dragons
  An Ice Fiend (IceCv)
  6 liches
  2 tentacled monstrosities
  A quicksilver dragon (Vaults:5)
  7 titans
  3 deep elf blademasters
  An eldritch tentacle (WizLab)
  Polyphemus (Shoals:4)
  2 deep elf master archers (Elf:3)
  3 krakens
  An Executioner (WizLab)
  Kirke (Shoals:1)
  4 shadow dragons
  9 sphinxes
  Agnes (Snake:3)
  3 storm dragons
  Roxanne (Snake:3)
  3 nagarajas
  4 tengu reavers
  A draconian monk (Depths:5)
  8 frost giants
  3 deep elf sorcerers
  6 fire giants
  2 iron dragons
  13 vault wardens
  A draconian scorcher (Depths:5)
  3 orc warlords
  A caustic shrike zombie (Depths:3)
  A draconian shifter (Depths:5)
  7 ghouls (Crypt:3)
  3 curse skulls
  Aizul (Shoals:1)
  A juggernaut zombie (Crypt:1)
  2 spectral caustic shrikes (Depths:3)
  4 deep elf elementalists (Elf:3)
  A balrug (Hell)
  Louise (Shoals:3)
  A reaper (Hell)
  A caustic shrike skeleton (Depths:3)
  A spriggan defender (Depths:4)
  21 stone giants
  6 war gargoyles
  16 ironbound preservers
  17 very ugly things
  7 deep elf demonologists
  Nessos (Lair:4)
  A dire elephant (Vaults:1)
  8 vampire knights
  A black draconian (Depths:5)
  A yellow draconian (Depths:5)
  2 purple draconians
  A lorocyproca (Hell)
  A spark wasp (Depths:4)
  2 deep elf annihilators (Elf:3)
  A white draconian (Depths:5)
  2 entropy weavers (Vaults:3)
  5 merfolk javelineers
  6 deep elf death magi
  4 blizzard demons (Hell)
  2 crystal guardians (Vaults:4)
  6 ettins
  Snorg (Orc:2)
  14 eidola
  8 jiangshi (Crypt:2)
  A kraken zombie (Hell)
  7 fire dragons
  6 great orbs of eyes
  A mummy priest (Crypt:3)
  Josephine (D:15)
  7 merfolk impalers
  13 ice dragons
  17 yaktaur captains
  4 deep elf high priests
  10 naga warriors
  3 rakshasas
  7 salamander tyrants
  2 hell beasts
  3 peacekeepers
  4 catoblepae
  2 spriggan air magi (Depths:3)
  27 vault guards
  14 ironbound thunderhulks
  10 anacondas
  5 alligator snapping turtles
  8 ironbound frosthearts
  An ogre mage (D:13)
  4 boulder beetles
  12 hydras
  7 centaur warriors
  6 merfolk avatars
  Erica (D:8)
  4 death knights
  2 merfolk aquamancers
  2 alligators (Snake:1)
  5 two-headed ogres
  13 tengu warriors
  7 hell hogs
  7 vampire magi
  A satyr (Shoals:3)
  8 deep troll shamans
  Urug (Lair:3)
  5 ironbound beastmasters
  5 death yaks
  9 deep troll earth magi
  A titan zombie (Crypt:3)
  Sonja (Orc:2)
  4 soul eaters
  9 naga sharpshooters
  12 deep elf knights
  An orc high priest (Orc:2)
  Nergalle (Orc:2)
  14 hell knights
  2 spriggan berserkers
  4 sun demons
  2 storm dragon zombies (Crypt:3)
  A thrashing horror (WizLab)
  11 shock serpents
  8 iron trolls
  2 fire crabs
  3 golden dragon zombies (Hell)
  3 goliath frogs (Snake:1)
  7 salamander mystics
  A storm dragon skeleton (Hell)
  An iron troll (shapeshifter) (Vaults:4)
  11 skeletal warriors (Crypt:3)
  2 anaconda zombies
  9 flayed ghosts
  15 sea snakes
  3 glowing orange brains
  2 large abominations (WizLab)
  An obsidian statue (WizLab)
  15 ironbound convokers
  60 deep trolls
  26 phantasmal warriors
  A shadow dragon zombie (Crypt:1)
  9 wizards
  A golden dragon skeleton (Vaults:2)
  4 deep elf archers
  11 necromancers
  10 harpies
  20 deep elf zephyrmancers
  5 orc knights
  3 anaconda skeletons
  21 deep elf pyromancers
  A fire giant zombie (Hell)
  12 lindwurms
  A shadow dragon skeleton (Depths:3)
  4 orc sorcerers
  A tengu skeleton (WizLab)
  7 mana vipers
  3 frost giant zombies
  9 cyclopes
  3 stone giant zombies
  A sphinx skeleton (Crypt:2)
  9 fauns
  A worldbinder (WizLab)
  47 ugly things
  2 wolf spiders
  17 manticores
  44 salamanders
  2 moths of wrath (Zot:1)
  3 oklob plants (Lair:5)
  19 vault sentinels
  15 elephants
  A shock serpent zombie (Crypt:3)
  10 naga magi
  7 rust devils (Hell)
  10 guardian serpents
  A stone giant skeleton (Depths:3)
  2 ice statues
  10 merfolk sirens
  A dire elephant zombie (Crypt:3)
  7 smoke demons
  5 water nymphs
  22 black mambas
  3 molten gargoyles
  2 torpor snails (Lair:4)
  A black mamba (shapeshifter) (Elf:1)
  5 spriggan zombies
  2 rime drakes (Lair:1)
  34 cane toads
  An emperor scorpion zombie (Crypt:2)
  An unseen horror (shapeshifter) (D:14)
  3 unseen horrors
  An alligator snapping turtle skeleton (Crypt:1)
  4 gargoyles
  2 yaktaur zombies (Vaults:2)
  A catoblepas zombie (Crypt:3)
  An orange demon (WizLab)
  A kobold demonologist (D:11)
  A death yak zombie (Crypt:1)
  2 tengu conjurers
  A tormentor (Hell)
  10 freezing wraiths
  A sea snake zombie (Hell)
  35 yaktaurs
  3 anaconda simulacra (IceCv)
  A demonic crawler (WizLab)
  2 efreet
  7 ice devils
  14 komodo dragons
  7 guardian mummies
  A spriggan skeleton (Depths:1)
  3 trolls (Orc:2)
  3 hydra zombies
  3 tyrant leeches (Lair:6)
  2 harpy zombies
  3 meliai (Lair:4)
  A sea snake skeleton (Hell)
  6 polar bears
  A meliai (shapeshifter) (Depths:5)
  A queen bee (Lair:4)
  4 red devils (Elf:1)
  5 wind drakes
  A blink frog (shapeshifter) (D:15)
  24 merfolk
  2 alligator zombies (Hell)
  A hydra skeleton (Hell)
  2 fire dragon zombies
  An elf zombie (Vaults:2)
  8 snapping turtles
  3 deep troll zombies
  A fire giant simulacrum (Depths:1)
  4 dream sheep (Shoals:4)
  42 slime creatures
  4 ettin zombies
  31 blink frogs
  5 centaur simulacra
  A tarantella (Vaults:3)
  2 frost giant simulacra
  6 flying skulls (Crypt:1)
  An ice dragon skeleton (Crypt:1)
  A meliai zombie (D:11)
  A wind drake zombie (Crypt:1)
  5 dire elephant simulacra (IceCv)
  A vampire (D:12)
  A redback (shapeshifter) (Depths:4)
  16 water elementals
  2 air elementals
  2 alligator skeletons (Hell)
  Sigmund (D:2)
  An ettin skeleton (Crypt:2)
  9 wraiths
  4 wyverns
  An elf simulacrum (Vaults:2)
  28 yaks
  6 shadows
  An ushabti (Crypt:3)
  A tarantella (shapeshifter) (Vaults:5)
  2 fire bats (Volcano)
  5 basilisks
  A redback (Vaults:3)
  A fire elemental (Elf:1)
  2 hogs (Shoals:1)
  A steam dragon (D:6)
  19 vampire mosquitoes
  A death yak simulacrum (IceCv)
  3 iron troll simulacra (IceCv)
  2 harpy simulacra (IceCv)
  25 nagas
  6 wargs
  2 acid dragons (D:11)
  An orb spider zombie (Crypt:1)
  5 spatial vortices (WizLab)
  8 hydra simulacra
  6 hell hounds
  An ogre skeleton (WizLab)
  15 water moccasins
  A floating eye (Depths:3)
  A gelid demonspawn skeleton (Crypt:1)
  2 alligator simulacra (IceCv)
  2 black bears
  21 orc warriors
  A sky beast (D:6)
  A swamp dragon zombie (Crypt:2)
  2 ice beasts
  14 necrophages
  8 ogres
  9 boggarts
  A wolf (Lair:4)
  8 centaurs
  2 kobold brigands
  A swamp dragon skeleton (Hell)
  15 bullfrogs
  A gnoll sergeant (D:8)
  2 scorpions
  An earth elemental (Elf:2)
  6 wyvern skeletons (Crypt:3)
  A palentonga skeleton (Crypt:2)
  48 killer bees
  A troll skeleton (Hell)
  2 howler monkeys (D:9)
  4 electric eels
  2 bullfrog zombies (D:5)
  A crimson imp (D:7)
  7 lava snakes (Volcano)
  3 centaur zombies
  A demonspawn zombie (Crypt:2)
  A draconian simulacrum (IceCv)
  A quasit (WizLab)
  2 gnoll shamans
  10 jellies
  4 hounds
  5 centaur skeletons
  19 orc priests
  Natasha (thrice) (D:4)
  25 orc wizards
  2 spriggan simulacra (IceCv)
  12 hell rats
  A polar bear simulacrum (IceCv)
  A statue (D:9)
  3 troll simulacra (IceCv)
  A killer bee zombie (D:7)
  5 mummies
  2 howler monkey zombies
  18 gnolls
  4 adders
  2 naga simulacra (IceCv)
  2 ogre simulacra (IceCv)
  2 river rats (D:9)
  A shadow imp (D:7)
  15 white imps
  7 ufetubi
  A worm (D:2)
  7 dart slugs
  53 orcs
  6 ball pythons
  25 endoplasms
  6 giant cockroaches
  5 goblins
  6 hobgoblins
  8 jackals
  8 quokkas
  7 bats
  5 frilled lizards
  A gnoll skeleton (Crypt:1)
  14 kobolds
  A quokka skeleton (Crypt:1)
  7 rats
  2 butterflies (D:6)
  7 tentacles
2105 creatures vanquished.

Vanquished Creatures (collateral kills)
  A juggernaut (Depths:4)
  A salamander (Snake:2)
  A naga (Snake:2)
  2 crimson imps (D:7)
  A white imp (D:7)
6 creatures vanquished.

Vanquished Creatures (others)
  A dread lich (Vaults:5)
  A fire giant (Depths:4)
  18 dancing weapons
  A lindwurm (Vaults:3)
  A bullfrog (Lair:6)
  A hell rat (Hell)
  56 fungi
  176 plants
  24 tentacles
  5 withered plants (Crypt:3)
284 creatures vanquished.

Grand Total: 2395 creatures vanquished

Notes
Turn   | Place    | Note
-------+----------+-------------------------------------------
     0 | D:1      | Meow the Naga Venom Mage began the quest for the Orb.
     0 | D:1      | Reached XP level 1. HP: 15/15 MP: 3/3
   266 | D:1      | Reached XP level 2. HP: 22/22 MP: 5/5
   684 | D:1      | Reached XP level 3. HP: 28/28 MP: 4/6
   689 | D:1      | Learned a level 3 spell: Mephitic Cloud
   693 | D:1      | Learned a level 3 spell: Ignite Poison
   767 | D:1      | Reached skill level 1 in Conjurations
  1524 | D:2      | Reached XP level 4. HP: 36/36 MP: 6/8
  1847 | D:2      | Noticed Sigmund
  1863 | D:2      | Killed Sigmund
  1864 | D:2      | Reached skill level 1 in Shields
  1864 | D:2      | Reached XP level 5. HP: 33/42 MP: 1/10
  1864 | D:2      | Reached XP level 6. HP: 39/49 MP: 1/11
  2265 | D:2      | Found a faded altar of an unknown god.
  3320 | D:4      | Identified the +2 leather armour of Conscience {Will+ Str-2
                  | Dex+4}
  3358 | D:4      | Noticed a black bear
  3376 | D:4      | Killed a black bear
  3377 | D:4      | Reached XP level 7. HP: 55/55 MP: 2/13
  3639 | D:4      | Noticed Natasha
  3648 | D:4      | Killed Natasha
  4120 | D:4      | Noticed Natasha
  4122 | D:4      | Killed Natasha
  4278 | D:4      | Noticed Natasha
  4284 | D:4      | Killed Natasha
  4310 | D:5      | Entered Level 5 of the Dungeon
  4896 | D:5      | Reached skill level 5 in Spellcasting
  4912 | D:5      | Reached XP level 8. HP: 62/62 MP: 1/15
  5032 | D:5      | Noticed a wyvern
  5157 | D:5      | Killed a wyvern
  5534 | D:5      | Reached skill level 10 in Stealth
  6462 | D:6      | Reached XP level 9. HP: 68/68 MP: 7/18
  6957 | D:6      | Reached skill level 5 in Conjurations
  7606 | D:6      | Found a staircase to the Ecumenical Temple.
  7615 | Temple   | Entered the Ecumenical Temple
  7710 | Temple   | Became a worshipper of Gozag Ym Sagoz the Greedy
  8186 | D:6      | Found Okuacuo's Weapon Shop.
  8853 | D:7      | Noticed an unseen horror
  8863 | D:7      | Killed an unseen horror
  8993 | D:7      | Learned a level 3 spell: Frozen Ramparts
  8997 | D:7      | Learned a level 3 spell: Ozocubu's Armour
  9636 | D:7      | Reached skill level 1 in Ice Magic
 10225 | D:8      | Reached XP level 10. HP: 81/84 MP: 12/19
 10854 | D:8      | Noticed Erica
 10860 | D:8      | Killed Erica
 11035 | D:9      | Reached skill level 5 in Fighting
 11262 | D:9      | Noticed a death yak
 11288 | D:9      | Noticed a death yak
 11312 | D:9      | Noticed a death yak
 11626 | D:9      | Found a staircase to the Lair.
 11671 | Lair:1   | Entered Level 1 of the Lair of Beasts
 11866 | Lair:1   | Reached skill level 5 in Ice Magic
 12067 | Lair:1   | Noticed a cane toad
 12070 | Lair:1   | Killed a cane toad
 12071 | Lair:1   | Noticed a cane toad
 12082 | Lair:1   | Killed a cane toad
 12083 | Lair:1   | Reached XP level 11. HP: 45/100 MP: 5/20
 13052 | Lair:1   | Bought an amethyst-encrusted leather armour for 224 gold
                  | pieces
 13052 | Lair:1   | Identified the +0 leather armour "Xug Zeas" {Rampage rPois
                  | Will-} (You bought it in a shop on level 1 of the Lair of
                  | Beasts)
 13429 | Lair:2   | Learned a level 6 spell: Iron Shot
 13455 | Lair:2   | Found a staircase to the Shoals.
 13466 | Lair:2   | Noticed a manticore
 13813 | Lair:2   | Killed a manticore
 13814 | Lair:2   | Reached skill level 1 in Earth Magic
 14082 | Lair:2   | Noticed an eight-headed hydra
 14153 | Lair:2   | Reached skill level 2 in Earth Magic
 14726 | Lair:2   | Reached skill level 3 in Earth Magic
 14854 | Lair:2   | Killed a seven-headed hydra
 15001 | Lair:2   | Reached skill level 4 in Earth Magic
 15667 | Lair:3   | Reached skill level 5 in Earth Magic
 15675 | Lair:3   | Reached XP level 12. HP: 86/110 MP: 12/22
 16748 | Lair:4   | Noticed Urug
 16749 | Lair:4   | Reached skill level 6 in Earth Magic
 16897 | Lair:3   | Killed Urug
 17064 | Lair:4   | Noticed Nessos
 17330 | Lair:4   | Noticed a five-headed hydra
 17361 | Lair:4   | Killed a four-headed hydra
 17616 | Lair:3   | Reached skill level 7 in Earth Magic
 18118 | Lair:4   | Reached skill level 8 in Earth Magic
 18460 | Lair:3   | Reached skill level 10 in Conjurations
 18693 | Lair:4   | Found a staircase to the Snake Pit.
 18734 | Lair:4   | Reached skill level 9 in Earth Magic
 19024 | Lair:4   | Killed Nessos
 19025 | Lair:4   | Gained mutation: You can use your snake-like lower body to
                  | constrict enemies. [Naga growth]
 19025 | Lair:4   | Reached XP level 13. HP: 116/117 MP: 25/25
 19265 | Lair:4   | Reached skill level 10 in Earth Magic
 20658 | Lair:5   | Identified the +0 scale mail "Vuemn" {SInv}
 22256 | Lair:5   | Found a staircase to the Slime Pits.
 22925 | Lair:1   | Bought the +1 helmet "Ediucw" {Rampage Regen+} for 214 gold
                  | pieces
 22936 | Lair:1   | Bought a shiny kite shield for 240 gold pieces
 23023 | Lair:6   | Entered Level 6 of the Lair of Beasts
 23266 | Lair:6   | Found a dark tunnel.
 23275 | Volcano  | Entered a volcano
 24137 | Volcano  | Found a bloodstained altar of Trog.
 24149 | Volcano  | Reached XP level 14. HP: 121/127 MP: 14/27
 24968 | Lair:6   | Reached skill level 10 in Spellcasting
 25061 | Lair:6   | Reached skill level 5 in Shields
 25142 | Lair:6   | Reached skill level 11 in Earth Magic
 26658 | Lair:1   | Reached skill level 10 in Fighting
 26809 | D:9      | Found a staircase to the Orcish Mines.
 27021 | D:9      | Found a transporter.
 27022 | D:9      | Noticed a brown very ugly thing
 27142 | D:9      | Found a transporter.
 27382 | D:9      | Found a radiant altar of Vehumet.
 27504 | Orc:1    | Entered Level 1 of the Orcish Mines
 27560 | Orc:1    | Reached XP level 15. HP: 131/138 MP: 29/29
 27785 | Orc:2    | Entered Level 2 of the Orcish Mines
 27862 | Orc:2    | Noticed Sonja
 27867 | Orc:2    | Killed Sonja
 28234 | Orc:2    | Noticed an orc warlord
 28333 | Orc:2    | Noticed Nergalle
 28352 | Orc:2    | Killed Nergalle
 28493 | Orc:2    | Paralysed by an orc sorcerer for 2 turns
 28496 | Orc:2    | Paralysed by an orc sorcerer for 4 turns
 28803 | Orc:2    | Killed an orc warlord
 29119 | Orc:2    | Found Lecifaem's General Store.
 29135 | Orc:2    | Found Zakuf's Antique Armour Boutique.
 29162 | Orc:2    | Found Sapacais's Antique Weapon Boutique.
 29166 | Orc:2    | Found Fuathriog's Jewellery Boutique.
 29333 | Orc:2    | Noticed Snorg
 29340 | Orc:2    | Killed Snorg
 29341 | Orc:2    | Reached skill level 12 in Earth Magic
 29416 | Orc:2    | Found a staircase to the Elven Halls.
 29530 | Orc:2    | Learned a level 6 spell: Statue Form
 29683 | Snake:1  | Entered Level 1 of the Snake Pit
 29744 | Snake:1  | Gained mutation: You are clumsy. (Dex -2) [mutagenic glow]
 30678 | Snake:1  | Reached skill level 1 in Axes
 32328 | Snake:2  | Reached XP level 16. HP: 150/150 MP: 27/30
 32653 | Snake:2  | Reached skill level 5 in Axes
 33135 | Snake:2  | Found Kaidubb's Book Shop.
 33144 | Snake:2  | Noticed a nagaraja
 33145 | Snake:2  | Found Zuedat's Assorted Antiques.
 33145 | Snake:2  | Found Hotoudom's Book Shop.
 33150 | Snake:2  | Killed a nagaraja
 33281 | Snake:2  | Found Refracvo's General Store.
 35006 | Snake:3  | Noticed Roxanne
 35763 | Snake:3  | Found Sevvath's Magic Scroll Emporium.
 35802 | Snake:3  | Bought a scroll of acquirement for 728 gold pieces
 35802 | Snake:3  | Bought a scroll of blinking for 105 gold pieces
 35803 | Snake:3  | Acquired 728 gold pieces
 36155 | Snake:3  | Noticed Agnes
 36167 | Snake:3  | Killed Agnes
 36168 | Snake:3  | Reached skill level 13 in Earth Magic
 36578 | Snake:3  | Killed Roxanne
 36693 | Snake:4  | Entered Level 4 of the Snake Pit
 37821 | Snake:4  | Reached skill level 5 in Dodging
 37821 | Snake:4  | Reached XP level 17. HP: 157/159 MP: 16/32
 39692 | Snake:4  | Got a serpentine rune of Zot
 40126 | D:10     | Entered Level 10 of the Dungeon
 40410 | D:10     | Reached skill level 10 in Axes
 42672 | D:13     | Found a gate to the Vaults.
 43480 | D:14     | Reached XP level 18. HP: 162/169 MP: 31/33
 43810 | D:14     | Reached skill level 14 in Earth Magic
 44562 | D:15     | Entered Level 15 of the Dungeon
 45056 | D:15     | Identified the ring "Pokkaen" {*Slow Fly MP+9 Str+2}
 45082 | D:15     | Noticed Josephine
 45086 | D:15     | Killed Josephine
 45560 | D:15     | Found a staircase to the Depths.
 45883 | Shoals:1 | Entered Level 1 of the Shoals
 45888 | Shoals:1 | Noticed Aizul
 45903 | Shoals:1 | Killed Aizul
 46450 | Shoals:1 | Learned a level 5 spell: Irradiate
 46485 | Shoals:1 | Noticed Kirke
 46507 | Shoals:1 | Killed Kirke
 47152 | Shoals:2 | Found Iguip's Assorted Antiques.
 47181 | Shoals:2 | Bought a scroll of teleportation for 90 gold pieces
 47479 | Shoals:3 | Noticed Louise
 47566 | Shoals:3 | Killed Louise
 47628 | Shoals:3 | Reached XP level 19. HP: 178/178 MP: 13/35
 48320 | Shoals:4 | Entered Level 4 of the Shoals
 48320 | Shoals:4 | Noticed Polyphemus
 48467 | Shoals:4 | Killed Polyphemus
 48686 | Shoals:4 | Found a runed translucent gate.
 48686 | Shoals:4 | Found a runed translucent gate.
 48686 | Shoals:4 | Found a runed translucent gate.
 49278 | Shoals:4 | Noticed alcopop's ghost (adept DjWz)
 49501 | Shoals:4 | Got a barnacled rune of Zot
 49566 | Shoals:4 | Identified Lidu's Almanac of Igneous Envenoming
 50049 | Depths:1 | Entered Level 1 of the Depths
 50094 | Depths:1 | Found a gateway to Hell.
 50102 | Depths:1 | Reached skill level 15 in Earth Magic
 50138 | Depths:1 | Noticed a bone dragon
 50161 | Depths:1 | Killed a bone dragon
 50261 | Depths:1 | Found a glowing golden altar of the Shining One.
 51669 | Elf:1    | Entered Level 1 of the Elven Halls
 52228 | Elf:1    | Reached XP level 20. HP: 97/190 MP: 28/37
 52695 | Elf:2    | Found a frozen archway.
 52703 | IceCv    | Entered an ice cave
 53293 | IceCv    | Identified the +6 long sword of True Grit {elec, rElec
                  | Str+3}
 53803 | Elf:2    | Found Gasiju's Weapon Boutique.
 53871 | Elf:2    | Found a runed translucent gate.
 53871 | Elf:2    | Found a runed translucent gate.
 53871 | Elf:2    | Found a runed translucent gate.
 54549 | Elf:3    | Entered Level 3 of the Elven Halls
 54578 | Elf:3    | Reached skill level 15 in Axes
 55694 | Elf:3    | Noticed a Tzitzimitl
 56003 | Elf:3    | Noticed a Brimstone Fiend
 56027 | Elf:3    | Identified the +5 chain mail of Fimual {rF+ Int+2}
 56126 | Elf:3    | Identified the +6 scimitar of Sloth {vorpal, SInv}
 56163 | Elf:3    | Identified the +6 chain mail of Lifoqes {rC+ Will++ rCorr
                  | Str-2}
 56317 | Elf:3    | Identified the +11 dagger of Truncation {venom, Str+2}
 56319 | Elf:3    | Identified Kolur's Tome of Bewitching Illusion
 56352 | Elf:3    | Identified the +10 dagger "Concordance" {venom, rN+ Str+4}
 56356 | Elf:3    | Identified the +0 scale mail of Maumnor {rC+ Int+7 Stlth-}
 56361 | Elf:3    | Identified the +1 short sword "Qyich" {protect, Dex+4}
 56623 | Elf:3    | Identified the +10 quarterstaff "Raudurph" {pain, Dex+4}
 56888 | Elf:3    | Found Qopepnin's Jewellery Shop.
 57455 | Depths:2 | Reached skill level 16 in Earth Magic
 57455 | Depths:2 | Reached XP level 21. HP: 200/200 MP: 5/39
 57658 | Depths:2 | Found a sacrificial altar of Ru.
 57691 | Depths:2 | Found a burning altar of Makhleb.
 57747 | Depths:2 | Reached skill level 15 in Fighting
 57753 | Depths:2 | Noticed a golden dragon
 57895 | Depths:2 | Found a corrupted altar of Lugonu.
 58052 | Depths:2 | Found a one-way gate to the infinite horrors of the Abyss.
 58997 | Depths:2 | Found a gateway to a ziggurat.
 59077 | Depths:2 | Identified the +0 chain mail of the Desolation of Salt {rN+
                  | Str+4 Dex-3}
 59228 | Depths:3 | Noticed a golden dragon
 59237 | Depths:3 | Killed a golden dragon
 59959 | Depths:3 | Paralysed by a floating eye for 3 turns
 59995 | Depths:3 | Found a snail-covered altar of Cheibriados.
 60094 | Depths:3 | Found a shadowy altar of Dithmenos.
 60299 | Depths:4 | Reached skill level 15 in Spellcasting
 60306 | Depths:4 | Reached skill level 17 in Earth Magic
 60631 | Depths:4 | Reached XP level 22. HP: 198/210 MP: 11/41
 61220 | Depths:4 | Noticed a caustic shrike
 61224 | Depths:4 | Killed a caustic shrike
 61224 | Depths:4 | Noticed a juggernaut
 61312 | Depths:4 | Killed a juggernaut
 61878 | Depths:4 | Noticed a juggernaut
 62197 | Depths:4 | Killed a juggernaut
 62732 | Depths:5 | Entered Level 5 of the Depths
 62833 | Depths:5 | Identified the +10 great sword of the Foot {vorpal, rElec
                  | Int+3 Stlth+}
 62855 | Depths:5 | Noticed Jory
 62875 | Depths:5 | Killed Jory
 63389 | Depths:5 | Reached skill level 18 in Earth Magic
 63419 | Depths:5 | Noticed a golden dragon
 63509 | Depths:5 | Killed a golden dragon
 63618 | Depths:5 | Found a gate to the Realm of Zot.
 64714 | Vaults:1 | Entered Level 1 of the Vaults
 64819 | Vaults:1 | Reached XP level 23. HP: 217/217 MP: 30/43
 65850 | Vaults:2 | Found a magical portal.
 65866 | WizLab   | Entered The Roulette of Golubria
 65866 | WizLab   | Found a transporter.
 65870 | WizLab   | Found a corrupted altar of Lugonu.
 65881 | WizLab   | Found a transporter.
 65881 | WizLab   | Found a transporter.
 65990 | WizLab   | Found a transporter.
 66009 | WizLab   | Found a transporter.
 66069 | WizLab   | Found a transporter.
 66070 | WizLab   | Found a corrupted altar of Lugonu.
 66176 | WizLab   | Found a transporter.
 66195 | WizLab   | Found a transporter.
 66338 | WizLab   | Found a transporter.
 66511 | WizLab   | Found a transporter.
 66511 | WizLab   | Found a transporter.
 66608 | WizLab   | Found a transporter.
 66608 | WizLab   | Found a transporter.
 66667 | WizLab   | Found a transporter.
 66669 | WizLab   | Found a transporter.
 66680 | WizLab   | Identified the +0 cloak of Hysteria {rN+++ Regen+}
 66706 | WizLab   | Identified Golubria's Collected Works on Translocation
 66738 | WizLab   | Identified the +0 cloak of the Iron City of Dis {Str+5
                  | Stlth-}
 66750 | WizLab   | Identified the +1 cloak of Koaduko {+Blink rElec Str+4}
 66776 | WizLab   | Found a transporter.
 66901 | WizLab   | Found a transporter.
 66901 | WizLab   | Found a transporter.
 66957 | WizLab   | Found a transporter.
 67010 | WizLab   | Found a transporter.
 67349 | Vaults:2 | Reached skill level 19 in Earth Magic
 67578 | Vaults:2 | Found a staircase to the Crypt.
 67697 | Vaults:2 | Identified the +1 leather armour "Gimec" {rElec Dex+2
                  | Slay-3}
 68833 | Vaults:3 | Reached XP level 24. HP: 225/225 MP: 39/44
 69332 | Vaults:3 | Reached skill level 20 in Earth Magic
 69575 | Vaults:3 | Found Roall's Distillery.
 69581 | Vaults:3 | Bought a potion of heal wounds for 90 gold pieces
 69581 | Vaults:3 | Bought a potion of haste for 180 gold pieces
 69581 | Vaults:3 | Bought a potion of curing for 54 gold pieces
 69581 | Vaults:3 | Bought a potion of haste for 180 gold pieces
 69581 | Vaults:3 | Bought a potion of curing for 54 gold pieces
 69581 | Vaults:3 | Bought 2 potions of berserk rage for 180 gold pieces
 70533 | Vaults:4 | Identified the +0 chain mail "Saoschab" {rCorr}
 70612 | Vaults:4 | Found Rosiv's General Store.
 70616 | Vaults:4 | Bought a scroll of enchant weapon for 82 gold pieces
 70616 | Vaults:4 | Bought a scroll of summoning for 104 gold pieces
 70660 | Vaults:4 | Found a portal to a secret trove of treasure.
 71145 | Vaults:5 | Entered Level 5 of the Vaults
 71147 | Vaults:5 | Noticed a dread lich
 71278 | Vaults:5 | Killed a dread lich
 71279 | Vaults:5 | Reached skill level 21 in Earth Magic
 71421 | Vaults:5 | Noticed an ancient lich
 71429 | Vaults:5 | Reached XP level 25. HP: 162/232 MP: 24/46
 71494 | Vaults:5 | Noticed an ancient lich
 71975 | Vaults:4 | Killed an ancient lich
 72132 | Vaults:4 | Killed an ancient lich
 72715 | Vaults:5 | Paralysed by a sphinx for 7 turns
 72732 | Vaults:5 | Reached skill level 22 in Earth Magic
 72985 | Vaults:5 | Got a silver rune of Zot
 73056 | Vaults:5 | Noticed a dread lich
 73313 | Vaults:4 | Killed a dread lich
 73665 | Vaults:4 | Learned a level 9 spell: Shatter
 73667 | Vaults:5 | Identified the +7 short sword "Agomul" {elec, rF+}
 74149 | Vaults:5 | Identified the Handbook of Moulding
 74685 | Vaults:5 | Identified the quicksilver dragon scales "Inevoudgh" {Will+
                  | Int+3}
 75219 | Hell     | Entered the Vestibule of Hell
 75219 | Hell     | Noticed Geryon
 75594 | Lair:1   | Bought a pitted helmet for 399 gold pieces
 75594 | Lair:1   | Identified the +2 helmet of Guadism {Fly rN++} (You bought
                  | it in a shop on level 1 of the Lair of Beasts)
 75594 | Lair:1   | Bought a pitted leather armour for 294 gold pieces
 75594 | Lair:1   | Identified the +1 leather armour "Mixkamom" {+Blink rElec
                  | rC+ Str-3} (You bought it in a shop on level 1 of the Lair
                  | of Beasts)
 75827 | Hell     | Reached XP level 26. HP: 241/241 MP: 23/48
 76055 | Hell     | Killed Geryon
 76603 | Hell     | Found a gateway to the Iron City of Dis.
 76778 | Hell     | Found a gateway to the decaying netherworld of Tartarus.
 76928 | Hell     | Found a gateway to the ashen valley of Gehenna.
 76989 | Hell     | Found a gateway to the freezing wastes of Cocytus.
 77511 | Crypt:1  | Entered Level 1 of the Crypt
 78289 | Crypt:1  | You fall into a shaft and drop 1 floor!
 78743 | Crypt:2  | Acquired the +4 barding "Xav Seo" {rN+ Will+}
 79348 | Crypt:3  | Entered Level 3 of the Crypt
 79409 | Crypt:3  | Noticed Khufu
 79409 | Crypt:3  | Noticed a royal mummy
 79420 | Crypt:3  | Killed Khufu
 79425 | Crypt:3  | Killed a royal mummy
 80427 | Vaults:4 | You paid a toll of a +4 demon whip to enter a treasure
                  | trove
 80428 | Trove    | Entered a treasure trove
 80430 | Trove    | Found a bloodstained altar of Trog.
 80467 | Trove    | Identified the +10 hand crossbow of Midsummer {vorpal,
                  | Int+5}
 80486 | Trove    | Identified the +2 morningstar of Might {vorpal, SInv}
 80828 | Crypt:3  | Found a basalt altar of Yredelemnul.
 80975 | Crypt:3  | Reached XP level 27. HP: 248/248 MP: 24/49
 81154 | Crypt:3  | Reached skill level 23 in Earth Magic
 81170 | Crypt:3  | Found the +5 sword of Power {vorpal}
 81186 | Crypt:3  | Identified the ring "Bolan" {rElec rPois Str+4 Int+4 SInv}
 81262 | Crypt:3  | Identified the +3 hat of Daffodils {rN+ Dex+4}
 81354 | Crypt:3  | Acquired a book of Power
 81364 | Crypt:3  | Learned a level 7 spell: Orb of Destruction
 81704 | Crypt:3  | Found a staircase to the Tomb.
 82010 | Crypt:3  | Identified the +0 helmet of the Good {rC++ Int+3}
 83157 | Zot:1    | Entered Level 1 of the Realm of Zot
 83219 | Zot:1    | Noticed an orb of fire
 83225 | Zot:1    | Killed from afar by an orb of fire

Illustrated notes

Levels and vault maps discovered:
D:1:      minmay_arrival_diagonal_passages, layout_basic
D:2:      layout_rooms, shapermc_ecumenical_altar_hornbeckon,
          minmay_tromino_mix6, uniq_sigmund
D:3:      layout_loops_ring
D:4:      layout_loops_ring, uniq_natasha
D:5:      layout_cave_pools
D:6:      kennysheep_slugbush, layout_loops_corners,
          minmay_temple_entry_butterflies, serial_shops,
          nicolae_shop_window_shopping
D:7:      layout_layer_cave, minmay_nine_imps
D:8:      layout_basic, kennysheep_nondescript, uniq_erica
D:9:      gammafunk_sealed_arena, layout_loops_corners, vehumet_statue,
          dpeg_lair_monsters, orc_0_dummy
D:10:     layout_irregular_city, chequers_serial_rivers_micro_a,
          grunt_ministairs_5
D:11:     lemuel_slime, layout_irregular_city
D:12:     layout_gridville
D:13:     nicolae_whirlpool, layout_loops_ring,
          hangedman_vaults_entry_quadrant_bands, serial_bayou,
          serial_bayou_crossing, serial_bayou_pond_e, serial_bayou_pond_d,
          serial_bayou_pond_a
D:14:     layout_cave_pods, minmay_crystal_water
D:15:     grunt_enter_depths_magical_seal, layout_gridville, hangedman_aviary,
          uniq_josephine
Temple:   compressed_dpeg_circular_temple
Lair:1:   layout_concentric_octagons, nicolae_quartered_pool_medium,
          grunt_megastairs_2
Lair:2:   layout_big_grid, minmay_shoals_entry_beasts,
          cheibrodos_lair_lostbears, serial_bayou_shore_b
Lair:3:   layout_regular_city
Lair:4:   hangedman_what_comes_after_a, layout_regular_city,
          guppyfry_snake_entry_garden, beast_lair_carwin_3,
          infiniplex_staircase_pool, uniq_nessos, uniq_urug
Lair:5:   layout_big_grid, minmay_slime_entry_oklob_enclosed
Lair:6:   minmay_lair_end_frog_pond, layout_loops_ring,
          nicolae_volcano_entry_lava_flow, serial_bayou_lake_a
Shoals:1: layout_shoals, uniq_kirke, uniq_aizul
Shoals:2: nicolae_shoals_island_circles, layout_shoals, serial_shops, shop,
          nicolae_shoals_cliffside_cave
Shoals:3: cheibrodos_shoals_oceanic_diplomacy, layout_shoals, uniq_louise
Shoals:4: shoals_end_hangedman, layout_shoals, gammafunk_ghost_necromancy,
          uniq_polyphemus
Snake:1:  layout_gridlike, nicolae_snake_herptile_family_reunion
Snake:2:  layout_gridlike, minmay_shoptagon, serial_bayou_shore_a,
          grunt_megastairs_5, lemuel_fruit_tree
Snake:3:  layout_gridlike, serial_shops, shop, guppyfry_snake_island,
          uniq_agnes, uniq_roxanne
Snake:4:  grunt_snake_rune_pools, layout_concentric_octagons
Orc:1:    layout_diamond_mine, serial_shops, shop
Orc:2:    grunt_orc_cross, layout_diamond_mine, uniq_snorg, uniq_sonja
Elf:1:    elf_arrival_001, layout_loops_corners, serial_sigils,
          serial_sigils_hangedman_writhe, serial_sigils_hangedman_gnaw,
          serial_sigils_hangedman_shear, serial_sigils_hangedman_etch,
          serial_sigils_hangedman_scar, einodemon_armed_red_devil_minivault
Elf:2:    layout_loops_cross, portal_ice_cave_entry_pillars_three, serial_shops,
          shop
Elf:3:    elf_hall_gauntlet_narrow, layout_loops_corners, serial_shops, shop,
          patterned_corridor
Vaults:1: nicolae_vaults_hallways_thing, v_misc_11, v_rooms_3,
          hangedman_vaults_capsules, nicolae_vaults_asterisk,
          hangedman_vaults_nails, nicolae_vaults_network_square, v_misc_30,
          layout_vaults_ring
Vaults:2: grunt_vaults_hallway_short, nicolae_vaults_windows_and_doors_thing,
          nicolae_vaults_gold_heap, nicolae_vaults_circle_grid_b,
          grunt_vaults_hallway_short, minmay_crypt_entry_simple_round,
          vaults_standard_mumra_x, kb_rosetta, v_misc_19, v_misc_19,
          ontoclasm_vaults_chip, layout_vaults_omnigrid, mu_enter_wizlab_1
Vaults:3: nicolae_vaults_asterisk, v_misc_16, grunt_vaults_hallway_long,
          nicolae_vaults_little_ls, nicolae_vaults_little_squares_3, v_misc_16,
          v_misc_13, v_misc_2, nicolae_vaults_back_hallway,
          hangedman_vaults_unwind, vaults_standard_mumra_lines,
          nicolae_vaults_rhombus_6, vaults_room_fours, vaults_mumra_hex,
          layout_vaults_omnibox, serial_shops, shop_coins
Vaults:4: nicolae_vaults_circle_grid_a, nicolae_vaults_little_squares_3,
          nicolae_vaults_triangles, v_misc_30, hangedman_vaults_snaps,
          hangedman_vaults_restitches, v_misc_22, dpeg_vaults_monster_box,
          nicolae_vaults_alarming, grunt_vaults_hallway_long,
          ontoclasm_vaults_twist, nicolae_vaults_little_squares_3, v_misc_13,
          layout_vaults_big_room, serial_shops, shop,
          nicolae_trove_entry_crossroad
Vaults:5
Crypt:1:  layout_misc_corridors, ebering_dispersal_statue_hall, hex_tiny,
          st_burial_chamber, grunt_crypt_arrival_split, grunt_megastairs_1
Crypt:2:  layout_gridlike
Crypt:3:  evilmike_haunted_forest, uniq_khufu
Depths:1: layout_gridlike, grunt_mini_vestibule,
          hangedman_abyss_or_decor_clamps, amcnicky_mini_rare_corridor_liquid,
          tso_metal_star
Depths:2: minmay_the_grid_triangle_9x9_rhombus_full_mashed
          [minmay_the_grid_triangle_9x9_limited_checkers,
          minmay_the_grid_triangle_9x9_zippers_horizontal,
          minmay_the_grid_triangle_9x9_intruding_spiral,
          minmay_the_grid_triangle_9x9_shrine,
          minmay_the_grid_triangle_9x9_corrupted_corridor,
          minmay_the_grid_triangle_9x9_corruption,
          minmay_the_grid_triangle_9x9_flanged_cone,
          minmay_the_grid_triangle_9x9_prize_insulated], layout_basic,
          enter_ziggurat_f, hell_entry, abyss_entry_flame_altar,
          nicolae_ru_awakened_eye, hangedman_abyss_or_decor_passed
Depths:3: wad_courtyard, layout_cross, cheibriados_altar_1,
          pf_hell_entry_tar_river, rand_demon_pan_entry_3,
          abyss_entry_small_statue_room, nicolae_dithmenos_the_darkroom
Depths:4: minmay_chopped_fan, layout_basic, hell_entry,
          hangedman_decor_slide_cut, hangedman_abyss_entry_splay,
          minmay_staircase_statues
Depths:5: grunt_zot_entry_bicorn, layout_cave_shapes, hangedman_geh_valley,
          chequers_serial_rivers_large_a, uniq_jory
Hell
Zot:1:    kennysheep_six_static_rooms, layout_cathedral_of_symmetry,
          grunt_megastairs_3

Skill      XL: |  1  2  3  4  5  6  7  8  9 10 11 12 13 14 15 16 17 18 19 20 21 22 23 24 25 26 27 |
---------------+----------------------------------------------------------------------------------+-----
Stealth        | 4 6 7 8 11 12 | 12.0
Conjurations   | 1 2 3 4 8 10 11 12 | 12.0
Spellcasting   | 3 4 5 6 7 8 9 10 11 12 13 14 15 16 17 19 21 22 | 22.8
Shields        | 1 2 3 7 9 |  9.0
Fighting       | 3 7 8 10 11 12 13 14 15 | 15.0
Ice Magic      | 1 6 8 |  8.0
Earth Magic    | 5 9 10 11 12 13 14 15 16 17 18 19 21 22 23 | 23.2
Axes           | 4 8 10 12 14 15 16 18 | 18.0
Dodging        | 3 5 6 7 8 |  8.0
Transmutations | |  1.0
Poison Magic   | |  4.0

Action                   |  1- 3 |  4- 6 |  7- 9 | 10-12 | 13-15 | 16-18 | 19-21 | 22-24 | 25-27 || total
-------------------------+-------+-------+-------+-------+-------+-------+-------+-------+-------++-------
Melee: Club              |     2 |     3 |       |       |       |       |       |       |       ||     5
       Quarterstaff      |       |    11 |    18 |       |       |       |       |       |       ||    29
       Scimitar          |       |       |    48 |   212 |   117 |       |       |       |       ||   377
       Constrict         |       |       |       |       |   151 |   172 |   148 |   156 |   126 ||   753
       Broad axe         |       |       |       |       |   521 |   907 |  1076 |  1129 |  1098 ||  4731
       Staff             |       |       |       |       |     1 |       |       |       |       ||     1
Throw: Stone             |    32 |    25 |    16 |    20 |    75 |    81 |    12 |    11 |    18 ||   290
       Dart              |       |     6 |    15 |    13 |       |       |       |       |       ||    34
 Cast: Sting             |    36 |    27 |    61 |    39 |     7 |       |       |       |       ||   170
       Mephitic Cloud    |       |     9 |    59 |   108 |    36 |     1 |     3 |       |     8 ||   224
       Ignite Poison     |       |     2 |    35 |    63 |     8 |       |       |       |     3 ||   111
       Frozen Ramparts   |       |       |     1 |    28 |    78 |    92 |    30 |    22 |     4 ||   255
       Ozocubu's Armour  |       |       |       |    10 |     9 |     1 |     3 |     2 |       ||    25
       Iron Shot         |       |       |       |       |   158 |   256 |   254 |   159 |   134 ||   961
       Statue Form       |       |       |       |       |     1 |     3 |    23 |    40 |    52 ||   119
       Irradiate         |       |       |       |       |       |       |    17 |    32 |    79 ||   128
       Orb of Destructio |       |       |       |       |       |       |       |       |     9 ||     9
       Shatter           |       |       |       |       |       |       |       |       |     1 ||     1
Invok: Call Merchant     |       |       |       |     1 |     4 |     2 |     3 |     1 |     2 ||    13
 Abil: Spit Poison       |    55 |    40 |    75 |    96 |    41 |    18 |     4 |       |       ||   329
Evoke: Wand              |       |       |    10 |    24 |     3 |       |       |       |       ||    37
       Phantom mirror    |       |       |       |       |     1 |     1 |       |     1 |       ||     3
       Lightning rod     |       |       |       |       |       |       |       |     4 |       ||     4
       Condenser vane    |       |       |       |       |       |       |       |     1 |       ||     1
  Use: Scroll            |     1 |     2 |     9 |     1 |    16 |     6 |     8 |    10 |    20 ||    73
       Potion            |       |       |       |       |     7 |     1 |       |     1 |     8 ||    17
 Stab: Confused          |       |       |     3 |     9 |     7 |     1 |     1 |       |       ||    21
       Paralysed         |       |       |       |     6 |       |       |       |       |       ||     6
       Distracted        |       |       |       |     1 |     2 |     4 |     8 |    16 |     5 ||    36
       Petrified         |       |       |       |       |     4 |       |       |       |       ||     4
       Sleeping          |       |       |       |       |     6 |    15 |    32 |    26 |    21 ||   100
Armor: Robe              |    10 |     7 |       |   163 |   445 |   407 |   448 |   148 |       ||  1628
       Leather armour    |       |     1 |    63 |     9 |       |       |       |   106 |   279 ||   458
       Skin              |       |       |       |       |       |    20 |   196 |   392 |   631 ||  1239
Dodge: Dodged            |    12 |     7 |    70 |   146 |   230 |   265 |   344 |   389 |   525 ||  1988
Block: Other             |       |       |    24 |    46 |       |       |       |       |       ||    70
       Buckler           |       |       |       |    92 |   238 |       |       |       |       ||   330
       Reflection        |       |       |       |     5 |    13 |    86 |    44 |    47 |    49 ||   244
       Kite shield       |       |       |       |       |   385 |   824 |   973 |   959 |  1219 ||  4360
       Rpst.: Scimitar   |       |       |    12 |    36 |    15 |       |       |       |       ||    63

Table legend: (Time is in decaauts)
 A = Elapsed time spent in this place.
 B = Non-inter-level travel time spent in this place.
 C = Inter-level travel time spent in this place.
 D = Time resting spent in this place.
 E = Time spent auto-exploring this place.
 F = Levels seen in this place.
 G = Mean time per level.
                   A        B        C        D        E       F      G
               +--------+--------+--------+--------+--------+-----+--------+
         Total | 103926 |  92775 |  11151 |  26348 |  44989 |  54 | 1924.6 |
       Dungeon |  26246 |  21322 |   4924 |   4011 |  13383 |  15 | 1749.7 |
        Temple |    173 |    105 |     68 |      0 |    102 |   1 |  173.0 |
          Lair |  16868 |  15293 |   1575 |   6631 |   5703 |   6 | 2811.3 |
        Shoals |   5267 |   5117 |    150 |    956 |   2740 |   4 | 1316.8 |
     Snake Pit |  11445 |  11154 |    291 |   5283 |   3760 |   4 | 2861.2 |
  Orcish Mines |   2918 |   2474 |    444 |    792 |    909 |   2 | 1459.0 |
   Elven Halls |   6355 |   5620 |    735 |   1423 |   2815 |   3 | 2118.3 |
        Vaults |  12136 |  10596 |   1540 |   2211 |   5741 |   5 | 2427.2 |
         Crypt |   5660 |   4927 |    733 |    436 |   2942 |   3 | 1886.7 |
        Depths |  10587 |   9938 |    649 |   3392 |   4589 |   5 | 2117.4 |
          Hell |   1273 |   1236 |     37 |     49 |    517 |   1 | 1273.0 |
           Zot |     90 |     90 |      0 |      0 |     52 |   1 |   90.0 |
         Trove |    177 |    177 |      0 |      0 |     42 |   1 |  177.0 |
      Ice Cave |   1029 |   1029 |      0 |     76 |    697 |   1 | 1029.0 |
       Volcano |   2010 |   2010 |      0 |    736 |    303 |   1 | 2010.0 |
        Wizlab |   1685 |   1685 |      0 |    348 |    688 |   1 | 1685.0 |
               +--------+--------+--------+--------+--------+-----+--------+

Top non-repeatable levels by time:
Vaults:4: 3818 daAuts
  Lair:4: 3382 daAuts
 Snake:4: 3342 daAuts
  Lair:3: 3321 daAuts
   Elf:3: 3306 daAuts
 Snake:3: 3235 daAuts
  Lair:5: 3178 daAuts
 Crypt:3: 2944 daAuts
Depths:4: 2837 daAuts
  Lair:1: 2812 daAuts
    D:15: 2492 daAuts
Depths:1: 2483 daAuts
Vaults:5: 2477 daAuts
 Snake:1: 2476 daAuts
   Orc:2: 2410 daAuts
